 Dungeon Crawl Stone Soup version 0.29.0-11-gd7f09526c8 (webtiles) character file.

Game seed: 6628472084127058888

96675 mdonais the Warrior (level 15, -5/141 HPs)
             Began as a Demigod Delver on Sept 2, 2022.
             Constricted to death by Jorgrun (18 damage)
             ... on level 15 of the Dungeon.
             The game lasted 01:34:15 (21466 turns).

mdonais the Warrior (Demigod Delver)               Turns: 21466, Time: 01:34:15

Health: -5/141     AC: 13    Str: 21    XL:     15   Next: 26%
Magic:  18/18      EV: 18    Int: 16    God:
Gold:   2013       SH:  0    Dex: 25    Spells: 12/14 levels left

rFire   + . .      SeeInvis .   a - +9 great sword (freeze)
rCold   . . .      Faith    .   (shield currently unavailable)
rNeg    . . .      Spirit   .   w - +4 ring mail
rPois   +          Reflect  .   f - +1 hat
rElec   +          Harm     .   K - scarf {repulsion}
rCorr   +          Rampage  .   h - +0 pair of gloves of Good Intentions {rElec rPois rC- rCorr}
Will    ++...                   u - +0 pair of boots
Stlth   +++.......              r - amulet of regeneration
HPRegen 1.13/turn               S - ring of willpower
MPRegen 0.16/turn               v - ring "Gaesheut" {rF+ rC+ rCorr Int+4}

@: grasped by roots, hasted, constricted, repel missiles, very quick
A: high MP 1, forlorn, divine attributes, horns 1, clumsy 1
a: no special abilities


You were on level 15 of the Dungeon.
You visited 4 branches of the dungeon, and saw 22 of its levels.
You also visited: Gauntlet and Ice Cave.

You collected 2049 gold pieces.
You spent 36 gold pieces at shops.

Inventory:

Hand Weapons
 a - a +9 great sword of freezing (weapon)
   (You took it off a wight on level 5 of the Dungeon)
 b - a +4 scimitar of flaming
   (You took it off an efreet on level 11 of the Dungeon)
Missiles
 t - 3 boomerangs (quivered)
 x - 8 silver javelins
 F - a curare-tipped dart
 G - 6 datura-tipped darts
 J - 3 atropa-tipped darts
 Z - 3 throwing nets {=!f}
Armour
 f - a +1 hat (worn)
   (You found it on level 12 of the Dungeon)
 h - the +0 pair of gloves of Good Intentions (worn) {rElec rPois rC- rCorr}
   (You found it in a Gauntlet)

   rC:        It makes you vulnerable to cold.
   rElec:     It insulates you from electricity.
   rPois:     It protects you from poison.
   rCorr:     It protects you from acid and corrosion.
 l - a +2 helmet of intelligence
   (You found it in a Gauntlet)
 m - +0 fire dragon scales
   (You found it on level 15 of the Dungeon)
 u - a +0 pair of boots (worn)
   (You found it on level 4 of the Dungeon)
 w - a +4 ring mail (worn)
   (You found it on level 5 of the Dungeon)
 y - a +2 plate armour of fire resistance
   (You took it off a minotaur in a Gauntlet)
 K - a scarf of repulsion (worn)
   (You found it on level 5 of the Dungeon)
Jewellery
 o - a +6 ring of dexterity
   (You found it on level 4 of the Dungeon)
 r - an amulet of regeneration (around neck)
   (You found it on level 1 of the Dungeon)
 v - the ring "Gaesheut" (right hand) {rF+ rC+ rCorr Int+4}
   (You took it off a minotaur in a Gauntlet)

   [ring of resist corrosion]

   Int:       It affects your intelligence (+4).
   rF:        It protects you from fire.
   rC:        It protects you from cold.
   rCorr:     It protects you from acid and corrosion.
 O - a ring of flight
   (You found it on level 9 of the Dungeon)
 S - a ring of willpower (left hand)
   (You found it on level 4 of the Dungeon)
Wands
 k - a wand of mindburst (9)
   (You found it on level 13 of the Dungeon)
 D - a wand of digging (9)
 I - a wand of iceblast (5)
   (You found it on level 6 of the Dungeon)
 P - a wand of paralysis (7)
   (You bought it in a shop on level 5 of the Dungeon)
 V - a wand of flame (21)
   (You found it on level 2 of the Lair of Beasts)
Scrolls
 c - 4 scrolls of fog
 e - 8 scrolls of fear
 n - 5 scrolls of summoning
 p - 7 scrolls of vulnerability
 s - a scroll of enchant armour
 B - a scroll of blinking
 M - 4 scrolls of magic mapping
 N - 2 scrolls of enchant weapon
 R - 3 scrolls of identify
 T - 8 scrolls of teleportation
 W - 3 scrolls of immolation
Potions
 d - a potion of invisibility
 g - 2 potions of magic
 i - a potion of might
 j - a potion of resistance
 q - 2 potions of mutation
 C - a potion of attraction
 E - 2 potions of heal wounds
 H - 5 potions of haste
 L - 2 potions of brilliance
 Q - 9 potions of curing
Miscellaneous
 X - a box of beasts (inert)
   (You found it in a Gauntlet)
 Y - a condenser vane (inert)
   (You found it on level 9 of the Dungeon)


   Skills:
 - Level 15.0 Fighting
 * Level 14.2 Long Blades
 - Level 3.3 Maces & Flails
 - Level 3.0 Throwing
 - Level 6.3 Armour
 + Level 11.5 Dodging
 - Level 4.5 Stealth
 - Level 10.0 Evocations


You had 12 spell levels left.
You knew the following spells:

 Your Spells              Type           Power      Damage    Failure   Level
a - Summon Small Mammal   Summ           0%         N/A       36%         1
b - Apportation           Tloc           0%         N/A       36%         1

Your spell library contained the following spells:

 Spells                   Type           Power      Damage    Failure   Level
 Beastly Appendage        Tmut           0%         N/A       36%         1
 Freeze                   Ice            0%         1d3       36%         1
 Magic Dart               Conj           0%         1d3       36%         1
 Slow                     Hex            0%         N/A       36%         1
 Ensorcelled Hibernation  Hex/Ice        0%         N/A       52%         2
 Passwall                 Tmut/Erth      0%         N/A       52%         2
 Static Discharge         Conj/Air       0%         3-3/arc   52%         2
 Sublimation of Blood     Necr           0%         N/A       52%         2
 Wereblood                Tmut           0%         N/A       52%         2
 Call Canine Familiar     Summ           0%         N/A       75%         3
 Confusing Touch          Hex            0%         N/A       75%         3
 Frozen Ramparts          Ice            0%         1d1       75%         3
 Portal Projectile        Hex/Tloc       0%         N/A       75%         3
 Spider Form              Tmut/Pois      0%         N/A       75%         3
 Summon Guardian Golem    Hex/Summ       0%         N/A       75%         3
 Swiftness                Air            0%         N/A       75%         3
 Tukima's Dance           Hex            0%         N/A       75%         3
 Vampiric Draining        Necr           0%         2d6       75%         3
 Airstrike                Air            0%         2d(0-16)  98%         4
 Animate Dead             Necr           0%         N/A       98%         4
 Hailstorm                Conj/Ice       0%         3d3       98%         4
 Ice Form                 Ice/Tmut       0%         N/A       98%         4
 Leda's Liquefaction      Hex/Erth       0%         N/A       98%         4
 Olgreb's Toxic Radiance  Pois           0%         N/A       98%         4
 Petrify                  Tmut/Erth      0%         N/A       98%         4
 Summon Lightning Spire   Summ/Air       0%         N/A       98%         4
 Alistair's Intoxication  Tmut/Pois      0%         N/A       100%        5
 Blade Hands              Tmut           0%         N/A       100%        5
 Borgnjor's Vile Clutch   Necr/Erth      0%         N/A       100%        5
 Lightning Bolt           Conj/Air       0%         1d11      100%        5
 Metabolic Englaciation   Hex/Ice        0%         N/A       100%        5
 Conjure Ball Lightning   Conj/Air       0%         3x3d6     100%        6
 Death Channel            Necr           0%         N/A       100%        6
 Eringya's Noxious Bog    Tmut/Pois      0%         N/A       100%        6
 Simulacrum               Ice/Necr       0%         N/A       100%        6
 Statue Form              Tmut/Erth      0%         N/A       100%        6
 Ozocubu's Refrigeration  Ice            0%         4d7       100%        7
 Summon Hydra             Summ           0%         N/A       100%        7
 Discord                  Hex            0%         N/A       100%        8
 Disjunction              Tloc           0%         N/A       100%        8
 Ignition                 Fire           0%         3d3       100%        8
 Polar Vortex             Ice            0%         N/A       100%        9


Dungeon Overview and Level Annotations

Branches:
Dungeon (15/15) Zot: 26478  Temple (1/1) D:7 Zot: 5998    Lair (5/5) D:9 Zot: 23482
  Swamp (0/4) Lair:2        Snake (1/4) Lair:3 Zot: 5959   Slime (0/5) Lair:5
    Orc (0/2) D:9          Vaults (0/5) D:14          IceCv (visited)
Gauntlet (visited)
 Depths: D:15

Shops:
D:5 *   D:8 (   D:9 :

Annotations:
D:12 1 transporter
D:14 exclusion: 4 oklob plants
D:15 Jorgrun
Lair:5 1 runed translucent door


Innate Abilities, Weirdness & Mutations

You have an increased reservoir of magic. (+10% MP)
You shall have no god before yourself.
Your divine heritage dramatically boosts your attributes as you level up.
You have a pair of small horns on your head.
You are clumsy. (Dex -2)


Message History

You hit the boulder beetle. You freeze the boulder beetle.
The boulder beetle is lightly wounded.
The boulder beetle completely misses you.
You slice the boulder beetle!! You freeze the boulder beetle!
The boulder beetle is heavily wounded.
The boulder beetle barely misses you.
You slice the boulder beetle!! You freeze the boulder beetle.
The boulder beetle is almost dead.
The boulder beetle completely misses you.
You slice the boulder beetle!! You freeze the boulder beetle.
You kill the boulder beetle!
No target in view!
Found 3 stones.
Health restored: 141 You now have 1997 gold pieces (gained 20).
You see here a +2 leather armour of poison resistance.
A meliai comes into view.
Found a potion of brilliance.
Found 25 gold pieces.
Found 16 gold pieces.
The helpless meliai fails to defend itself.
You carve the meliai like a ham!!! You freeze the meliai.
You kill the meliai!
No target in view!
You now have 2013 gold pieces (gained 16).
L - 2 potions of brilliance (gained 1)
A purple ugly thing comes into view.
You see here 25 gold pieces.
Found a spear.
The purple ugly thing gurgles horribly!
You hear a horrible gurgling sound! 2 purple ugly things come into view.
Found a scale mail.
The purple ugly thing gurgles horribly!
The purple ugly thing basks in the mutagenic energy from its kin and changes!
A purple ugly thing comes into view.
The purple ugly thing gurgles horribly!
You hear a shout!
The purple ugly thing barely misses you.
A purple ugly thing comes into view.
You closely miss the purple ugly thing. The purple ugly thing misses you.
The purple ugly thing basks in the mutagenic energy from its kin and changes!
You see here 25 gold pieces.
You slice the purple ugly thing!! You freeze the purple ugly thing.
The purple ugly thing is heavily wounded.
The purple ugly thing closely misses you.
You slice the purple ugly thing!! You freeze the purple ugly thing!
You kill the purple ugly thing!
You completely miss the brown ugly thing.
Your headbutt misses the brown ugly thing.
The brown ugly thing misses you.
The purple ugly thing gurgles horribly!
You slice the brown ugly thing!! You freeze the brown ugly thing!
You headbutt the brown ugly thing, but do no damage.
The brown ugly thing is heavily wounded.
The brown ugly thing basks in the mutagenic energy from its kin and changes! x2
Jorgrun Earthshaker comes into view.
He is wielding a +0 vorpal quarterstaff.
You completely miss the green ugly thing.
You headbutt the green ugly thing.
The green ugly thing is heavily wounded.
Jorgrun points at you and mumbles some strange words.
Roots burst forth from the earth!
The grasping roots grab you! The grasping roots constrict you.
You slash the green ugly thing! You freeze the green ugly thing.
Your headbutt misses the green ugly thing.
The green ugly thing is severely wounded.
The grasping roots constrict you!
The green ugly thing closely misses you.
You take 8 damage, and have 133/141 hp.
You slash the green ugly thing! You freeze the green ugly thing.
You headbutt the green ugly thing!
The green ugly thing is almost dead.
The grasping roots constrict you! The green ugly thing misses you.
You take 15 damage, and have 118/141 hp.
You barely miss the green ugly thing.
You headbutt the green ugly thing, but do no damage.
The green ugly thing is almost dead.
The grasping roots constrict you! The green ugly thing misses you.
You take 6 damage, and have 112/141 hp.
You slash the green ugly thing! You freeze the green ugly thing.
You kill the green ugly thing!
The purple ugly thing basks in the mutagenic energy from its kin and changes! x2
The grasping roots constrict you.
You take 5 damage, and have 107/141 hp.
The air fills with toxic fumes!
As you read the scroll of poison, it crumbles to dust.
The green ugly thing headbutts you but does no damage.
Jorgrun mutters some incantations to himself.
The grasping roots constrict you!
You take 12 damage, and have 95/141 hp.
You slice the green ugly thing!! You freeze the green ugly thing!
The green ugly thing is severely wounded.
The green ugly thing closely misses you.
Jorgrun is engulfed in poison gas.
Jorgrun is poisoned.
Jorgrun gestures next to you while chanting.
The wall shatters!
The blast of rock fragments hits you!! The grasping roots constrict you!
You take 37 damage, and have 58/141 hp.
MASSIVE DAMAGE!!
You open the green ugly thing like a pillowcase!!!
You freeze the green ugly thing.
You kill the green ugly thing!
Jorgrun is engulfed in poison gas.
Jorgrun looks even sicker.
The grasping roots constrict you.
You take 5 damage, and have 53/141 hp.
You slice Jorgrun!! You freeze Jorgrun!
Jorgrun is moderately wounded.
Jorgrun casts a spell at you. You resist with almost no effort.
The grasping roots constrict you!
The grasping roots release their grip on you.
You take 10 damage, and have 43/141 hp.
You barely miss Jorgrun. Your headbutt misses Jorgrun.
Jorgrun is moderately wounded.
Jorgrun misses you.
You closely miss Jorgrun. You headbutt Jorgrun.
Jorgrun is moderately wounded.
Jorgrun hits you with a +0 vorpal quarterstaff!!
* * * LOW HITPOINT WARNING * * *
x2 You take 24 damage, and have 20/141 hp.
You feel much better. Jorgrun casts a spell at you.
You resist with almost no effort.
You regained 29 hp, and now have 49/141 hp.
Aiming: Paralyse
Press: ? - help, Shift-Dir - straight line, f - Jorgrun
Aim: Jorgrun, wielding a +0 vorpal quarterstaff, wearing a +0 robe and wearing an amulet of the acrobat (moderately wounded, very poisoned, chance to affect: 3%)
Okay, then.
Unknown command.
Unknown command.
Unknown command.
Unknown command.
You feel yourself speed up.
The green ugly thing basks in the mutagenic energy from its kin and changes!
Jorgrun casts a spell at you.
The iron shot is repelled.
You miss Jorgrun.
Jorgrun is moderately wounded.
You slice Jorgrun like a ripe choko!!! You freeze Jorgrun!!
Jorgrun is severely wounded.
Jorgrun casts a spell at you.
Roots burst forth from the earth!
The grasping roots grab you! The grasping roots constrict you!!
* * * LOW HITPOINT WARNING * * *
You take 17 damage, and have 33/141 hp.
You barely miss Jorgrun. You headbutt Jorgrun!
Jorgrun is almost dead.
Jorgrun points next to you and mumbles some strange words.
The wall shatters!
The blast of rock fragments hits you!!
* * * LOW HITPOINT WARNING * * *
The grasping roots constrict you!!
You die...

..)......# ..[..○○§☼#
......§☼☼# ......°§°#
##.............§☼#
.................###.###
......(....#####uu......
#..........# #g##.....
#..........# #@##...##
#..........# #☼##...#
#..........# #§##...# .#
#......[...# #§##...#
... #..........#
#§##...# ....
...#####...#
#○##...###.... ...#
#...# #§☼..........#
...#
#...#####☼☼..........#
##.#
#..........#.........#


You could see Jorgrun (poisoned) and 2 ugly things.

Vanquished Creatures
  A reaper (IceCv)
  An entropy weaver (Gauntlet)
  A minotaur (Gauntlet)
  Snorg (D:10)
  An ettin (D:15)
  Josephine (Lair:4)
  3 vault guards (D:14)
  A rakshasa (D:14)
  4 boulder beetles
  8 hydras
  A catoblepas (D:14)
  A centaur warrior (D:14)
  A naga warrior (Snake:1)
  6 two-headed ogres
  4 death yaks
  A deep elf knight (D:14)
  A fire crab (shapeshifter) (D:15)
  A goliath frog (Lair:5)
  Amaemon (D:10)
  4 skeletal warriors (D:12)
  A deep troll (D:15)
  3 deep elf pyromancers
  A wizard (D:14)
  3 necromancers
  A shining eye (Gauntlet)
  22 ugly things
  2 manticores
  6 cyclopes
  15 elephants
  Joseph (D:7)
  8 black mambas
  An ice statue (IceCv)
  An orange demon (D:10)
  20 cane toads
  Maggie (D:7)
  4 rime drakes
  A freezing wraith (IceCv)
  10 komodo dragons
  An ice devil (Gauntlet)
  2 efreet (D:11)
  An anaconda simulacrum (IceCv)
  5 trolls
  A meliai (shapeshifter) (D:15)
  4 tyrant leeches (Lair:5)
  5 polar bears
  A hornet (D:10)
  20 blink frogs
  2 jumping spiders (Gauntlet)
  16 dream sheep
  3 slime creatures (D:14)
  A vampire (D:11)
  A shadow (D:12)
  32 yaks
  A dire elephant simulacrum (IceCv)
  3 water elementals (D:12)
  7 wraiths
  4 centaur simulacra (D:12)
  A hog (shapeshifter) (D:14)
  17 humans (D:14)
  4 wyverns
  2 basilisks
  5 vampire mosquitoes (Lair:5)
  4 death yak simulacra (IceCv)
  A harpy simulacrum (IceCv)
  4 acid dragons
  A naga (Snake:1)
  17 water moccasins
  6 orc warriors
  3 floating eyes
  4 ice beasts
  A sky beast (D:8)
  4 black bears
  3 ogres
  4 boggarts (Lair:5)
  3 centaurs
  22 wolves
  4 kobold brigands
  The ghost of iguanaiguana the Stinger, an amateur GrVM (D:4)
  15 bullfrogs
  3 scorpions
  2 necrophages
  A cane toad simulacrum (IceCv)
  6 two-headed ogre simulacra (IceCv)
  13 wights
  11 killer bees
  An elephant simulacrum (IceCv)
  6 electric eels
  3 howler monkeys
  4 quasits (D:4)
  3 hounds
  7 orc priests
  2 jellies
  An iguana (D:4)
  2 gnoll boudas
  7 orc wizards
  4 hell rats (Lair:5)
  3 spriggan simulacra (IceCv)
  A wolf simulacrum (IceCv)
  7 troll simulacra (IceCv)
  10 gnolls
  8 naga simulacra (IceCv)
  7 adders
  A shadow imp (D:6)
  13 white imps
  9 ufetubi
  2 worms (D:2)
  3 dart slugs
  31 orcs
  2 bats
  5 endoplasms
  2 giant cockroaches
  3 goblins
  4 hobgoblins
  6 jackals
  2 quokkas
  4 ball pythons
  24 kobolds
  3 rats
606 creatures vanquished.

Vanquished Creatures (collateral kills)
  A death yak (Lair:5)
  A wizard (D:14)
  An ice devil (IceCv)
  A basilisk (Lair:5)
  A polar bear simulacrum (IceCv)
  A troll simulacrum (IceCv)
6 creatures vanquished.

Vanquished Creatures (others)
  A hydra (Lair:2)
  A wizard (D:15)
  A gnoll (D:7)
  2 kobolds (D:7)
  A demonic plant (Gauntlet)
  30 fungi
  99 plants
  4 withered plants (Gauntlet)
139 creatures vanquished.

Grand Total: 751 creatures vanquished

Notes
Turn   | Place    | Note
-------+----------+-------------------------------------------
     0 | D:5      | mdonais the Demigod Delver began the quest for the Orb.
     0 | D:5      | Reached XP level 1. HP: 18/18 MP: 3/3
    48 | D:5      | Noticed a scorpion
    66 | D:5      | Noticed a centaur
   180 | D:4      | Noticed an ogre
   683 | D:1      | Reached skill level 3 in Fighting
   861 | D:1      | Reached XP level 2. HP: 26/26 MP: 4/4
  1254 | D:2      | Reached XP level 3. HP: 31/31 MP: 5/5
  1290 | D:2      | Got Plato's Anthology of Blasts
  1322 | D:2      | Learned a level 1 spell: Summon Small Mammal
  1339 | D:2      | Reached skill level 1 in Armour
  2940 | D:4      | Killed an ogre
  2941 | D:4      | Reached skill level 4 in Fighting
  2941 | D:4      | Reached XP level 4. HP: 40/40 MP: 6/6
  3025 | D:4      | Reached XP level 5. HP: 46/46 MP: 7/7
  3170 | D:4      | Found a transporter.
  3179 | D:4      | Noticed iguanaiguana's ghost (amateur GrVM)
  3272 | D:4      | Found a transporter.
  3679 | D:5      | Noticed an ogre
  3718 | D:5      | Reached XP level 6. HP: 55/55 MP: 8/8
  3743 | D:5      | Reached skill level 5 in Fighting
  3764 | D:5      | Found Sypsan Mex's CLEARANCE SALE!.
  3771 | D:5      | Bought a wand of paralysis (5) for 36 gold pieces
  4042 | D:5      | Reached skill level 1 in Evocations
  4042 | D:5      | Reached XP level 7. HP: 62/62 MP: 9/9
  4204 | D:6      | Reached skill level 6 in Fighting
  4512 | D:6      | Reached XP level 8. HP: 65/71 MP: 10/10
  4863 | D:7      | Reached skill level 7 in Fighting
  4999 | D:7      | Noticed Maggie
  5050 | D:7      | Found a staircase to the Ecumenical Temple.
  5224 | D:7      | Reached skill level 8 in Fighting
  5314 | D:7      | Noticed Joseph
  5449 | D:7      | Killed Joseph
  5705 | D:8      | Reached skill level 9 in Fighting
  5705 | D:8      | Reached XP level 9. HP: 83/83 MP: 11/11
  5791 | D:8      | Reached skill level 1 in Long Blades
  5809 | D:8      | Found Siolleuh's Antique Weapon Emporium.
  6229 | D:8      | Reached skill level 5 in Long Blades
  6443 | D:9      | Noticed a two-headed ogre
  6453 | D:9      | Killed a two-headed ogre
  6613 | D:9      | Found Rekon's Book Shoppe.
  6748 | D:9      | Found a staircase to the Orcish Mines.
  6763 | D:9      | Reached XP level 10. HP: 82/91 MP: 13/13
  6921 | D:9      | Found a staircase to the Lair.
  7342 | D:10     | Entered Level 10 of the Dungeon
  7373 | D:10     | Noticed a two-headed ogre
  7386 | D:10     | Killed a two-headed ogre
  7501 | D:10     | Noticed a two-headed ogre
  7509 | D:10     | Killed a two-headed ogre
  7510 | D:10     | Reached skill level 5 in Dodging
  7543 | D:10     | Noticed Amaemon
  7565 | D:10     | Killed Amaemon
  7566 | D:10     | Reached skill level 10 in Long Blades
  7690 | D:10     | Noticed a cyclops
  7706 | D:10     | Killed a cyclops
  7769 | D:10     | Noticed a two-headed ogre
  7776 | D:10     | Killed a two-headed ogre
  7831 | D:10     | Noticed Snorg
  7841 | D:10     | Killed Snorg
  7842 | D:10     | Reached XP level 11. HP: 97/97 MP: 14/14
  8075 | Temple   | Entered the Ecumenical Temple
  8190 | D:7      | Killed Maggie
  8283 | D:4      | Killed iguanaiguana's ghost
  8457 | Lair:1   | Entered Level 1 of the Lair of Beasts
  8820 | Lair:1   | Reached skill level 5 in Evocations
  9707 | Lair:2   | Found a gate leading to a gauntlet.
  9719 | Gauntlet | Entered a Gauntlet
  9719 | Gauntlet | Found a transporter.
  9728 | Gauntlet | Found a transporter.
  9729 | Gauntlet | Found a transporter.
  9743 | Gauntlet | Found a transporter.
  9745 | Gauntlet | Found a transporter.
  9747 | Gauntlet | Noticed an entropy weaver
  9755 | Gauntlet | Found a transporter.
  9770 | Gauntlet | Found a transporter.
  9777 | Gauntlet | Noticed a death drake
  9780 | Gauntlet | Found a transporter.
  9781 | Gauntlet | Noticed a spark wasp
  9781 | Gauntlet | a glowing shapeshifter changed into a spark wasp
  9790 | Gauntlet | Found a transporter.
  9791 | Gauntlet | Noticed a glowing orange brain
  9805 | Gauntlet | Found a transporter.
  9813 | Gauntlet | Found a transporter.
  9815 | Gauntlet | Noticed a necromancer
  9817 | Gauntlet | Found a transporter.
  9846 | Gauntlet | Gained mutation: You occasionally lose the ability to read
                  | scrolls when taking damage. [a shining eye]
  9848 | Gauntlet | Gained mutation: You are dopey. (Int -2) [a shining eye]
  9897 | Gauntlet | Reached skill level 1 in Throwing
  9902 | Gauntlet | Found a transporter.
  9916 | Gauntlet | Noticed a glowing orange brain
  9916 | Gauntlet | Noticed a lindwurm
  9916 | Gauntlet | a glowing orange brain changed into a lindwurm
  9917 | Gauntlet | a lindwurm changed into an eye of devastation
  9921 | Gauntlet | Noticed a fire crab
  9921 | Gauntlet | a black mamba changed into a fire crab
  9924 | Gauntlet | Killed an entropy weaver
  9925 | Gauntlet | Reached XP level 12. HP: 70/104 MP: 15/15
  9975 | Gauntlet | Identified the +0 pair of gloves of Good Intentions {rElec
                  | rPois rC- rCorr}
  9999 | Gauntlet | Identified the ring "Gaesheut" {rF+ rC+ rCorr Int+4}
  9999 | Gauntlet | Noticed a minotaur
 10032 | Gauntlet | Identified the +8 shortbow "Beoricvu" {flame, Str+3}
 10049 | Gauntlet | Killed a minotaur
 10094 | Lair:2   | Found a frozen archway.
 10105 | IceCv    | Entered an ice cave
 10173 | IceCv    | Found the +5 glaive of the Guard {elec, spectral, AC+5}
 10745 | IceCv    | Noticed a reaper
 10774 | IceCv    | Lost mutation: You are dopey. (Int -2) [potion of mutation]
 10774 | IceCv    | Lost mutation: You occasionally lose the ability to read
                  | scrolls when taking damage. [potion of mutation]
 10774 | IceCv    | Gained mutation: You are clumsy. (Dex -2) [potion of
                  | mutation]
 10774 | IceCv    | Gained mutation: You have a pair of small horns on your
                  | head. [potion of mutation]
 10791 | IceCv    | Killed a reaper
 11151 | Lair:2   | Reached skill level 10 in Fighting
 11278 | Lair:2   | Noticed a six-headed hydra
 11298 | Lair:2   | Killed a six-headed hydra
 11689 | Lair:2   | Noticed a six-headed hydra
 11698 | Lair:2   | Killed an eight-headed hydra
 11975 | Lair:2   | Found a staircase to the Swamp.
 12231 | Lair:2   | Upgraded the game from 0.29.0-10-g45618ea6d2 to
                  | 0.29.0-11-gd7f09526c8
 12247 | Lair:3   | Learned a level 1 spell: Apportation
 12293 | Lair:3   | Got Webrenn's Book of Feathery Cold
 12312 | Lair:3   | Found a staircase to the Snake Pit.
 12388 | Lair:3   | Reached skill level 10 in Dodging
 12400 | Lair:3   | Identified the +1 robe of the Maze {rN+ Dex+4 Archmagi}
 12595 | Lair:3   | Reached skill level 11 in Fighting
 13310 | Lair:4   | Reached XP level 13. HP: 116/116 MP: 16/16
 13403 | Lair:4   | Reached skill level 12 in Fighting
 13503 | Lair:4   | Noticed Josephine
 13510 | Lair:4   | Killed Josephine
 13884 | Lair:4   | Identified the +5 war axe of Geky {vorpal, Int+3 Stlth+}
 14343 | Lair:5   | Entered Level 5 of the Lair of Beasts
 14482 | Lair:5   | Reached skill level 13 in Fighting
 14590 | Lair:5   | Reached skill level 5 in Armour
 15106 | Lair:5   | Reached skill level 14 in Fighting
 15279 | Lair:5   | Reached XP level 14. HP: 132/132 MP: 17/17
 15912 | Lair:5   | Found a runed translucent door.
 15912 | Lair:5   | Noticed an acid blob
 15913 | Lair:5   | Noticed an acid blob
 16041 | Lair:5   | Found a staircase to the Slime Pits.
 16098 | Snake:1  | Entered Level 1 of the Snake Pit
 17456 | D:12     | Found a transporter.
 19831 | D:14     | Paralysed by a floating eye for 4 turns
 20597 | D:14     | Reached XP level 15. HP: 139/139 MP: 18/18
 20601 | D:14     | Reached skill level 10 in Evocations
 20613 | D:14     | Reached skill level 15 in Fighting
 20748 | D:14     | Identified the +0 robe of Cowardice {+Inv}
 20845 | D:14     | Found a gate to the Vaults.
 20943 | D:15     | Entered Level 15 of the Dungeon
 21450 | D:15     | Noticed Jorgrun
 21466 | D:15     | Constricted to death by Jorgrun

Illustrated notes

Levels and vault maps discovered:
D:1:      amcnicky_arrival_underground_garden, layout_basic
D:2:      layout_basic, shapermc_ecumenical_altar_rom_forum,
          hangedman_decor_growths
D:3:      layout_basic
D:4:      layout_rooms, lemuel_doored_altar, gammafunk_ghost_stat_death,
          nrook_mini_backslash, kennysheep_doodads
D:5:      layout_rooms, xom_butterflies, jmf_multi_god_temple,
          nicolae_shop_clearance
D:6:      layout_cave_pools, nicolae_gozag_seed_capital, old_standard_altar
D:7:      layout_cave_pools, minmay_temple_entry_from_below_a, uniq_maggie,
          uniq_joseph
D:8:      layout_basic, nicolae_overflow_hidden_temple, serial_shops, shop
D:9:      layout_basic, lemuel_round_altar, nicolae_ru_sacrificial_ziggurat,
          kennysheep_mini, lair_entry_dummy, david_orc_3, serial_shops, shop
D:10:     layout_rooms, mainiacjoe_overflow_concentric_impassable,
          nicolae_two_hexagons, uniq_amaemon, uniq_snorg
D:11:     layout_gridville
D:12:     gammafunk_sealed_library, layout_basic, serial_ice, serial_ice_g,
          serial_ice_m, serial_ice_i, serial_ice_f, serial_ice_d, serial_ice_b,
          serial_ice_n, kennysheep_okawaru_gauntlet
D:13:     layout_loops_corners, minmay_misc_feat_square,
          nicolae_qazlal_style_of_elements
D:14:     layout_loops_corners, grunt_vaults_entry_tiered, tso_metal_star,
          disabler_island
D:15:     hangedman_depths_entry_civil_slaughter, layout_long_grid, bloody_trog,
          uniq_jorgrun, uniq_rupert
Temple:   bh_familiar_temple
Lair:1:   layout_cave_pods, basic_altar, grunt_megastairs_4,
          serial_bayou_shore_a
Lair:2:   layout_roguey, swamp_mist_pool, portal_ice_cave_entry_pillars_1,
          gauntlet_entry_generic
Lair:3:   layout_roguey, minmay_snake_entry_six_corridors
Lair:4:   layout_layer_cave, uniq_josephine
Lair:5:   minmay_lair_end_frog_pond, layout_regular_city, slime_entry_2,
          kilobyte_rumbling_trees
Snake:1:  layout_basic, hangedman_snake_corridor_cut

Skill      XL: |  1  2  3  4  5  6  7  8  9 10 11 12 13 14 15 |
---------------+----------------------------------------------+-----
Maces & Flails | 2 3 |  3.3
Fighting       | 3 4 5 6 9 11 14 15 | 15.0
Armour         | 1 2 3 4 5 6 |  6.3
Dodging        | 2 3 5 8 10 11 | 11.5
Evocations     | 1 2 4 6 8 9 10 | 10.0
Long Blades    | 7 10 12 13 14 | 14.2
Throwing       | 1 3 |  3.0
Stealth        | |  4.5

Action                   |  1- 3 |  4- 6 |  7- 9 | 10-12 | 13-15 || total
-------------------------+-------+-------+-------+-------+-------++-------
Melee: Mace              |   137 |   155 |    81 |       |       ||   373
       Punch             |       |     2 |     3 |       |       ||     5
       Great sword       |       |       |   240 |   488 |   696 ||  1424
       Headbutt          |       |       |       |    37 |   196 ||   233
       Trident           |       |       |       |    15 |     3 ||    18
       Scimitar          |       |       |       |       |    17 ||    17
 Fire: Shortbow          |       |       |       |    16 |    15 ||    31
Throw: Stone             |     7 |       |       |       |       ||     7
       Dart              |     7 |    12 |    11 |    24 |       ||    54
       Boomerang         |       |     1 |    26 |    21 |     4 ||    52
       Javelin           |       |       |       |     5 |       ||     5
Evoke: Piece from Xom's  |     2 |     8 |       |       |       ||    10
       Wand              |       |       |       |    25 |    20 ||    45
       Condenser vane    |       |       |       |     2 |     4 ||     6
       Box of beasts     |       |       |       |     1 |     3 ||     4
  Use: Potion            |     2 |       |     4 |    12 |     4 ||    22
       Scroll            |     1 |       |    13 |     6 |     5 ||    25
 Stab: Sleeping          |     5 |     2 |     1 |     8 |     8 ||    24
       Petrified         |       |     5 |       |       |       ||     5
       Paralysed         |       |       |       |     4 |       ||     4
       Confused          |       |       |       |     1 |     2 ||     3
       Distracted        |       |       |       |     2 |     4 ||     6
       Invisible         |       |       |       |     2 |       ||     2
Armor: Ring mail         |    82 |    90 |   215 |   150 |   169 ||   706
       Skin              |     2 |       |       |     7 |       ||     9
       Troll leather arm |       |       |       |    40 |       ||    40
Dodge: Dodged            |    77 |   125 |   417 |   525 |   603 ||  1747
       Repelled          |       |       |     3 |     6 |     3 ||    12
